Map: Oxide LE

Players

CuKu

  • Race: Terran Terran
  • League: Grandmaster
  • Spawn Location: 7:00

Keanu (HolyHit) - Winner!

  • Race: Protoss Protoss
  • League: Grandmaster
  • Spawn Location: 1:00

VOD

https://youtu.be/9H4dwklu4jU

Description

Dropping Colossi like it's Hot.

Time

  • Played on: Feb. 18, 2021, 9:40 a.m.
  • Length: 8:19
Show
View Real Time Build Order
Export as new Build Order

CuKu Terran 

Build Orders: Reaper Expand 

Get SALT Encoding   

  12  0:00  SCV  
  13  0:12  SCV  
  14  0:19  Supply Depot  
  14  0:25  SCV  
  15  0:40  SCV  
  16  0:43  Barracks  
  16  0:47  Refinery  
  16  0:53  SCV  
  17  1:05  SCV  
  19  1:18  SCV  
  19  1:31  Reaper  
  19  1:32  Orbital Command  
  20  1:44  Command Center  
  20  1:48  Supply Depot  
  20  2:00  SCV  
  21  2:03  Marine  
  21  2:08  Barracks  
  22  2:13  SCV  
  23  2:19  Bunker  
  23  2:25  Barracks Reactor, SCV  
  24  2:38  SCV  
  25  2:44  Command Center  
  25  2:56  Orbital Command  
  23  2:59  Barracks Tech Lab  
  23  3:01  Marine x2, SCV  
  26  3:13  SCV  
  26  3:16  Engineering Bay  
  27  3:20  Marine x2  
  27  3:24  SCV  
  27  3:26  SCV  
  27  3:27  Marine  
  31  3:31  Stimpack  
  32  3:36  SCV  
  32  3:38  SCV  
  32  3:39  Marine x2  
  36  3:49  Marine  
  36  3:52  Barracks, SCV  
  36  3:54  SCV  
  39  3:57  Marine x2  
  39  3:59  Orbital Command  
  41  4:04  Terran Infantry Weapons Level 1  
  41  4:06  SCV  
  41  4:08  Marine  
  43  4:12  SCV  
  43  4:14  Marine  
  43  4:16  Marine  
  46  4:19  SCV  
  47  4:25  SCV  
  47  4:26  Marine, SCV  
  47  4:30  Supply Depot  
  51  4:31  SCV  
  51  4:36  Refinery, Factory  
  51  4:37  Refinery, SCV  
  52  4:38  SCV  
  52  4:39  Marine x2  
  52  4:40  Barracks Tech Lab  
  52  4:43  SCV  
  56  4:46  Marine  
  56  4:49  SCV  
  56  4:50  SCV  
  59  4:54  Supply Depot  
  59  4:55  SCV  
  60  5:01  SCV  
  60  5:02  SCV  
  60  5:05  Marine x3  
  60  5:06  Marine  
  66  5:07  Barracks x2  
  66  5:08  Combat Shield  
  66  5:13  Refinery  
  66  5:17  Supply Depot, SCV x2  
  66  5:18  SCV  
  69  5:24  Starport  
  69  5:25  Factory Reactor  
  69  5:31  SCV  
  67  5:39  SCV  
  67  5:40  SCV  
  64  5:43  SCV  
  64  5:48  Marauder  
  57  5:50  Marine  
  57  5:51  Marine, Marauder, SCV  
  57  6:05  SCV  
  57  6:08  Marine x2, Barracks Tech Lab  
  57  6:09  Marauder  
  57  6:10  Missile Turret  
  62  6:12  Marauder  
  62  6:15  Orbital Command  
  61  6:19  Factory Reactor, Medivac x2  
  61  6:22  Concussive Shells  
  65  6:26  Marine x2  
  65  6:28  Marauder  
  65  6:30  SCV  
  65  6:31  Marauder  
  72  6:34  Orbital Command, Marauder, Barracks Tech Lab  
  74  6:41  SCV  
  74  6:42  SCV  
  74  6:44  Marine x2  
  78  6:49  Medivac x2, Marauder  
  78  6:53  SCV  
  85  6:56  SCV  
  85  6:57  Marine  
  85  7:02  Marine  
  85  7:07  Supply Depot, SCV  
  85  7:08  Supply Depot, SCV x2  
  85  7:09  Widow Mine x2, Marauder  
  93  7:18  Marine  
  93  7:19  SCV  
  93  7:21  SCV  
  93  7:24  SCV  
  93  7:26  Marauder  
  93  7:27  Marauder  
  93  7:28  Marine  
  93  7:29  Marine, Marauder  
  96  7:32  Widow Mine, Medivac  
  96  7:36  Marine  
  95  7:46  Marine  
  95  7:48  Marine, Marauder x2  
  95  7:50  Marauder  
  96  7:52  Widow Mine  
  96  7:53  Marine  
Show
View Real Time Build Order
Export as new Build Order

Keanu Protoss - Winner!

Build Orders: 1 Gate Expand, Colossi Deathball, Colossus Rush, Warp Prism Harass 

Get SALT Encoding   

  12  0:00  Probe  
  13  0:12  Probe  
  14  0:17  Pylon  
  14  0:24  Probe (Chrono Boost)  
  15  0:36  Probe (Chrono Boost)  
  15  0:39  Gateway  
  16  0:45  Probe (Chrono Boost)  
  16  0:46  Assimilator  
  17  0:51  Probe  
  18  1:03  Probe  
  19  1:15  Probe  
  20  1:26  Cybernetics Core  
  20  1:32  Nexus  
  20  1:35  Probe  
  21  1:42  Pylon  
  21  1:47  Probe  
  21  1:52  Assimilator  
  22  1:59  Probe  
  22  2:01  Adept (Chrono Boost)  
  23  2:05  Warp Gate  
  25  2:11  Probe  
  25  2:23  Probe (Chrono Boost), Stalker  
  28  2:36  Probe (Chrono Boost)  
  29  2:39  Robotics Facility  
  29  2:43  Probe (Chrono Boost)  
  30  2:48  Probe  
  30  2:50  Probe  
  31  3:00  Probe, Stalker  
  31  3:02  Probe (Chrono Boost)  
  35  3:12  Probe (Chrono Boost)  
  36  3:14  Probe (Chrono Boost)  
  37  3:22  Probe x2 (Chrono Boost), Gateway  
  37  3:23  Gateway  
  37  3:27  Robotics Bay, Observer  
  40  3:28  Probe  
  40  3:31  Probe  
  42  3:37  Pylon  
  42  3:40  Probe  
  43  3:43  Probe  
  43  3:48  Pylon  
  44  3:53  Warp Prism (Chrono Boost)  
  46  3:57  Probe x2  
  48  4:06  Pylon, Assimilator  
  48  4:08  Assimilator  
  48  4:09  Probe  
  49  4:10  Probe  
  50  4:18  Gravitic Drive  
  50  4:21  Probe  
  50  4:23  Colossus (Chrono Boost)  
  49  4:26  Probe  
  56  4:33  Probe  
  57  4:38  Probe  
  57  4:39  Observer  
  57  4:45  Probe  
  59  4:46  Nexus  
  59  4:49  Pylon  
  59  4:51  Sentry  
  61  4:53  Probe  
  61  4:57  Probe  
  63  5:01  Colossus (Chrono Boost)  
  69  5:08  Probe  
  69  5:11  Probe  
  71  5:17  Pylon  
  71  5:20  Twilight Council  
  71  5:21  Forge  
  71  5:22  Probe  
  71  5:24  Sentry  
  71  5:25  Probe  
  75  5:33  Extended Thermal Lance  
  75  5:34  Probe  
  76  5:37  Probe  
  77  5:48  Colossus  
  84  5:50  Probe  
  84  5:52  Probe (Chrono Boost)  
  85  6:00  Protoss Ground Weapons Level 1  
  85  6:04  Probe (Chrono Boost), Gateway  
  87  6:07  Probe (Chrono Boost), Gateway  
  87  6:08  Observer, Blink  
  87  6:09  Probe (Chrono Boost)  
  88  6:13  Probe (Chrono Boost)  
  88  6:16  Probe (Chrono Boost)  
  90  6:19  Probe  
  90  6:20  Probe  
  90  6:22  Pylon  
  90  6:24  Observer  
  92  6:26  Gateway, Stalker  
  92  6:28  Gateway  
  94  6:35  Stalker x2  
  94  6:36  Probe x2  
  94  6:39  Pylon  
  100  6:50  Probe  
  107  7:05  Pylon  
  107  7:06  Assimilator, Gateway  
  107  7:07  Pylon  
  107  7:09  Gateway  
  107  7:10  Assimilator  
  107  7:13  Disruptor  
  104  7:21  Stalker x6  
  114  7:29  Stalker  
  112  7:31  Probe  
  112  7:33  Probe  
  112  7:34  Probe  
  109  7:44  Nexus  
  109  7:46  Pylon  
  109  7:50  Stalker x5  
  109  7:51  Stalker  
  106  8:07  Probe  
  97  8:13  Stalker x7  
Tags
 
Add a new tag
Caveats
  • Supply blocks, unpowered buildings, or Contaminate may cause inaccurate times.
  • Supply counts are checked every 10 seconds.